 Dungeon Crawl Stone Soup version 0.30-a0-310-g7d6cbdfea6 (webtiles) character file.

Game seed: 17158232427202274659

61909 Iusername the Warrior (level 14, -4/208 (219) HPs)
             Began as a Minotaur Fighter on Oct 24, 2022.
             Was an Initiate of Gozag.
             Succumbed to an orange demon's poison
             ... on level 2 of the Orcish Mines.
             The game lasted 00:49:32 (27112 turns).

Iusername the Warrior (Minotaur Fighter)           Turns: 27112, Time: 00:49:33

HP:   -4/208 (219)  AC: 27    Str: 26    XL:     14   Next: 62%
MP:   13/13         EV:  2    Int: -2 (5) God:    Gozag
Gold: 202           SH:  0    Dex: 10    Spells: 13/13 levels left

rFire   . . .      SeeInvis .    x - +7 great mace "Undeadhunter" {disrupt, rN+}
rCold   + . .      Faith    .    (shield currently unavailable)
rNeg    + . .      Spirit   .    (body armour currently unavailable)
rPois   +          Reflect  .    (helmet currently unavailable)
rElec   .          Harm     .    (cloak currently unavailable)
rCorr   .          Rampage  .    (gloves currently unavailable)
Will    ++...      NoTele   +    (boots currently unavailable)
Stlth   +.........               t - amulet of the acrobat
HPRegen 0.54/turn                g - ring of protection from cold
MPRegen 0.13/turn                (no ring)

@: lethally poisoned (-4 -> -22), tree-form, gold aura, on berserk cooldown,
slowed, lost intelligence, lightly drained, unable to read, very slow
A: stationary, stasis, torment immunity, boosted hp, (horns 2), (retaliatory
headbutt), strong-willed 1, screaming 1
a: Renounce Religion, Potion Petition, Call Merchant, Bribe Branch


You were on level 2 of the Orcish Mines.
You worshipped Gozag.
Gozag was aware of your devotion.
You were a tree.
You visited 4 branches of the dungeon, and saw 19 of its levels.

You collected 5407 gold pieces.
You spent 1200 gold pieces at shops.
You paid 4005 gold pieces to Gozag.

Inventory:

Hand Weapons
 a - a +2 vampiric war axe
 f - a +5 battleaxe of flaming
 x - the +7 great mace "Undeadhunter" (weapon) {disrupt, rN+}
   (You found it on level 4 of the Lair of Beasts)

   It inflicts significantly more damage against the undead.
   rN:        It protects you from negative energy.
 D - the +11 plutonium sword {Contam Stlth-}
   (You bought it in a shop on level 10 of the Dungeon)

   It occasionally inflicts wild transmutation effects on those it strikes,
   inflicting malmutation or extra damage, or polymorphing them into a new form.
   Contam:    It causes magical contamination when unequipped.
   Stlth:     It makes you less stealthy.
Armour
 b - a +3 scale mail
 e - a +0 plate armour (melded)
 z - a +2 cloak (melded)
 F - a +0 pair of gloves (melded)
Jewellery
 g - a ring of protection from cold (left branch)
 t - an amulet of the acrobat (around neck)
Wands
 c - a wand of charming (28)
 n - a wand of flame (12) (quivered)
 o - a wand of digging (6)
 v - a wand of roots (28)
 w - a wand of polymorph (4)
 H - a wand of acid (2)
Scrolls
 h - 5 scrolls of teleportation
 i - 3 scrolls of immolation
 j - 6 scrolls of amnesia
 p - 2 scrolls of magic mapping
 A - 4 scrolls of butterflies
 E - a scroll of brand weapon
 G - a scroll of silence
Potions
 d - 4 potions of brilliance
 k - 2 potions of invisibility
 l - a potion of ambrosia
 m - 2 potions of lignification
 q - a potion of degeneration {unknown}
 r - 3 potions of mutation
 s - a potion of cancellation
 u - 3 potions of magic
 B - 3 potions of flight
 C - a potion of resistance
 J - 2 potions of attraction
Miscellaneous
 y - a condenser vane (inert)


   Skills:
 + Level 19.5 Fighting
 + Level 15.8 Axes
 + Level 15.9 Armour
 + Level 15.9 Shields


You had 13 spell levels left.
You didn't know any spells.
Your spell library contained the following spells:

 Spells                   Type           Power      Damage    Failure   Level
 Kiss of Death            Conj/Necr      0%         2d5       58%         1
 Blink                    Tloc           0%         N/A       75%         2
 Cigotuvi's Dreadful Rot  Necr/Pois/Air  0%         N/A       75%         2
 Momentum Strike          Conj/Tloc      0%         3d8       75%         2
 Poisonous Vapours        Pois/Air       0%         N/A       75%         2
 Call Canine Familiar     Summ           0%         N/A       92%         3
 Confusing Touch          Hex            0%         N/A       92%         3
 Kindle Blastsparks       Fire/Tloc/Air  0%         2d10      92%         3
 Lesser Beckoning         Tloc           0%         N/A       92%         3
 Mephitic Cloud           Conj/Pois/Air  0%         N/A       92%         3
 Portal Projectile        Hex/Tloc       0%         N/A       92%         3
 Animate Armour           Summ/Erth      0%         N/A       100%        4
 Dispel Undead            Necr           0%         3d6       100%        4
 Fulminant Prism          Conj/Hex       0%         3d6       100%        4
 Iskenderun's Mystic Bla  Conj/Tloc      0%         2d3       100%        4
 Leda's Liquefaction      Hex/Erth       0%         N/A       100%        4
 Blade Hands              Tmut           0%         N/A       100%        5
 Lee's Rapid Deconstruct  Erth           0%         3d4*      100%        5
 Iron Shot                Conj/Erth      0%         9d1       100%        6


Dungeon Overview and Level Annotations

Branches:
Dungeon (11/15)            Temple (1/1) D:4            Lair (5/5) D:9
 Shoals (0/4) Lair:2       Spider (0/4) Lair:3        Slime (0/5) Lair:5
    Orc (2/2) D:10            Elf (0/3) Orc:2

Altars:
Ashenzari
Cheibriados
Dithmenos
Elyvilon
Fedhas
Gozag
Hepliaklqana
Kikubaaqudgha
Makhleb
Nemelex Xobeh
Okawaru
Qazlal
Ru
Sif Muna
Trog
Uskayaw
Vehumet
Wu Jian
Xom
Yredelemnul
Zin
The Shining One

Shops:
D:8 (   D:10 [((   Orc:2 [

Annotations:
Lair:2 3 runed translucent doors, NinjaNoafa's ghost, journeyman MiFi


Innate Abilities, Weirdness & Mutations

You are a tree.
Your roots penetrate the ground, keeping you stationary.
You cannot be teleported.
You are immune to unholy pain and torment.
Your maximum health is greatly increased.
Your equipment is partially melded.
((You have a pair of horns on your head.))
((You reflexively headbutt those who attack you in melee.))
You are strong-willed. (Will+)
You occasionally shout uncontrollably at your foes.


Message History

You feel dopey. Something feeds on your intellect!
The sun demon hits you but does no damage.
The orc sorcerer howls an incantation.
The orc sorcerer glows brightly for a moment.
The orc knight hits you with a +0 war axe.
* * * LOW HITPOINT WARNING * * *
The orange demon stings you but does no damage.
The orc sorcerer hits you with a +0 dagger of protection.
* * * LOW HITPOINT WARNING * * *
The orc warrior hits you from afar with a +0 trident!
* * * LOW HITPOINT WARNING * * *
The soul eater hits you but does no damage.
The neqoxec hits you but does no damage.
You cannot read scrolls in your current state!
You cannot read scrolls in your current state!
Okay, then.
Okay, then.
You hit the orc sorcerer.
The orc sorcerer is almost dead.
You bludgeon the orc sorcerer!!
You kill the orc sorcerer!
The sun demon disappears in a puff of smoke!
The sixfirhy disappears in a puff of smoke!
The neqoxec disappears in a puff of smoke!
You hear coins being counted.
An interdimensional caravan has stopped on this level and set up a bazaar.
Hurry and find its entrance before they move on!
Welcome back, Iusername the Minotaur Fighter.
Gozag says: Greed is good.
Press ? for a list of commands and other information.
Okay, then.
Really quaff the potion of lignification?
Uppercase [Y]es or [N]o only, please.
Really quaff the potion of lignification?
You turn into a tree.
Your +2 cloak melds into your body.
Your +0 pair of gloves melds into your body.
Your +0 plate armour melds into your body.
Your roots penetrate the ground.
You die...
Your body crumbles into a pile of gold.

# ### ########
##.## .#..##.##
#...## ........##
###$$.#
.......#.####.#...#
..P.......>#[.4§o§#
.......#....$.#o♣§#
...P........)[.3$##
..........#....o..#
..................#
..∩.......#......##
.8...P.o...#......#
.................##
..........##......
.................##


You could see an orc knight, a soul eater (summoned), an orange demon
(summoned), an orc sorcerer (strong) and an orc warrior (strong).

Vanquished Creatures
  An orc warlord (Orc:2)
  A dire elephant (Lair:5)
  A fire dragon (Lair:5)
  A hydra (Lair:5)
  2 catoblepae (Lair:5)
  A tengu warrior (D:10)
  Erica (D:8)
  2 boulder beetles (Lair:5)
  14 death yaks
  Amaemon (Lair:1)
  4 skeletal warriors (D:10)
  A swamp dragon (Lair:5)
  An orc knight (Orc:2)
  3 lindwurms
  5 orc sorcerers
  2 manticores (Lair:5)
  2 oklob plants (Lair:1)
  17 elephants
  2 torpor snails (Lair:5)
  A black mamba (Lair:5)
  10 cane toads
  An orange demon (Lair:1)
  Maggie (D:7)
  An unseen horror (D:10)
  16 komodo dragons
  5 rime drakes
  A tengu conjurer (D:10)
  2 polar bears
  2 trolls
  21 blink frogs
  A hornet (D:7)
  A snapping turtle (Lair:2)
  16 dream sheep
  A shadow (D:10)
  7 wyverns
  4 culicivoras (Lair:3)
  10 basilisks
  40 yaks
  3 steam dragons
  Menkaure (D:4)
  An acid dragon (Lair:5)
  11 water moccasins
  2 swamp drakes (Lair:5)
  2 sky beasts
  2 black bears
  15 orc warriors
  An ice beast (D:7)
  6 ogres
  A wolf (Lair:5)
  5 centaurs
  2 kobold brigands
  6 bullfrogs
  2 gnoll sergeants
  A necrophage (D:8)
  3 scorpions
  5 wights (D:9)
  3 killer bees (D:7)
  An electric eel (Lair:4)
  2 jellies (Lair:5)
  A hound (D:6)
  7 orc priests
  A gnoll bouda (D:9)
  14 iguanas
  16 orc wizards
  4 hell rats (Lair:5)
  7 adders
  13 gnolls
  2 shadow imps (D:6)
  3 white imps
  An ufetubus (D:4)
  A dart slug (D:1)
  52 orcs
  4 bats
  6 endoplasms
  5 giant cockroaches
  8 goblins
  6 hobgoblins
  16 kobolds
  2 quokkas (D:1)
  7 ball pythons
  3 frilled lizards
  5 rats
462 creatures vanquished.

Vanquished Creatures (others)
  An iguana (Lair:5)
  2 orcs
  66 fungi
  73 plants
142 creatures vanquished.

Grand Total: 604 creatures vanquished

Notes
Turn   | Place    | Note
-------+----------+-------------------------------------------
     0 | D:1      | Iusername the Minotaur Fighter began the quest for the Orb.
     0 | D:1      | Reached XP level 1. HP: 19/19 MP: 0/0
    61 | D:1      | Reached XP level 2. HP: 22/27 MP: 1/1
   542 | D:1      | Reached skill level 4 in Fighting
   833 | D:2      | Reached XP level 3. HP: 33/33 MP: 2/2
  1117 | D:2      | Found a faded altar of an unknown god.
  1349 | D:2      | Reached XP level 4. HP: 40/40 MP: 3/3
  2933 | D:3      | Reached XP level 5. HP: 40/47 MP: 4/4
  3435 | D:4      | Noticed Menkaure
  3440 | D:4      | Killed Menkaure
  3441 | D:4      | Reached skill level 5 in Fighting
  3441 | D:4      | Reached skill level 5 in Armour
  3441 | D:4      | Reached skill level 5 in Shields
  3441 | D:4      | Reached XP level 6. HP: 56/56 MP: 5/5
  3463 | D:4      | Found a staircase to the Ecumenical Temple.
  3907 | D:4      | Found a blossoming altar of Fedhas.
  3907 | D:4      | Found a burning altar of Makhleb.
  3915 | D:4      | Found a snail-covered altar of Cheibriados.
  3917 | D:4      | Found a glowing silver altar of Zin.
  3919 | D:4      | Found a shimmering altar of Xom.
  4013 | Temple   | Entered the Ecumenical Temple
  4083 | Temple   | Became a worshipper of Gozag Ym Sagoz the Greedy
  4134 | D:5      | Entered Level 5 of the Dungeon
  4712 | D:5      | Reached skill level 5 in Axes
  4712 | D:5      | Reached XP level 7. HP: 52/62 MP: 6/6
  4921 | D:5      | Reached skill level 6 in Fighting
  5278 | D:5      | Identified a scroll of acquirement
  5278 | D:5      | Acquired a manual of Fighting
  5849 | D:6      | Reached skill level 7 in Fighting
  5849 | D:6      | Reached XP level 8. HP: 31/73 MP: 7/7
  7109 | D:6      | Reached skill level 8 in Fighting
  7382 | D:6      | Reached skill level 9 in Fighting
  7395 | D:6      | Reached XP level 9. HP: 75/84 MP: 8/8
  7673 | D:7      | Reached skill level 10 in Fighting
  7686 | D:7      | Identified the +2 short sword of the Pyrrhic Victory
                  | {freeze, *Noise rPois rN+ Dex+7}
  8010 | D:7      | Found a white marble altar of Elyvilon.
  8128 | D:7      | Reached skill level 11 in Fighting
  8326 | D:7      | Identified the +4 trident of Sixzaigg {vorpal, rPois}
  8496 | D:8      | Noticed Maggie
  8981 | D:7      | Killed Maggie
  8982 | D:7      | Reached XP level 10. HP: 35/97 MP: 9/9
  9447 | D:8      | Noticed Erica
  9453 | D:8      | Killed Erica
  9454 | D:8      | Reached skill level 12 in Fighting
  9999 | D:8      | Found Wylagag's Weapon Emporium.
 10167 | D:9      | Reached skill level 10 in Armour
 10167 | D:9      | Reached skill level 10 in Shields
 10331 | D:9      | Found a staircase to the Lair.
 10769 | D:9      | Reached skill level 13 in Fighting
 10769 | D:9      | Reached skill level 10 in Axes
 10978 | D:10     | Entered Level 10 of the Dungeon
 11040 | D:10     | Noticed a skeletal warrior
 11049 | D:10     | Noticed a tengu warrior
 11056 | D:10     | Noticed a skeletal warrior
 11059 | D:10     | Noticed a skeletal warrior
 11072 | D:10     | Noticed a skeletal warrior
 11082 | D:10     | Gained mutation: You occasionally shout uncontrollably at
                  | your foes. [potion of mutation]
 11082 | D:10     | Gained mutation: You are strong-willed. (Will+) [potion of
                  | mutation]
 11088 | D:10     | Killed a skeletal warrior
 11088 | D:10     | Killed a tengu warrior
 11088 | D:10     | Killed a skeletal warrior
 11089 | D:10     | Reached XP level 11. HP: 103/108 MP: 10/10
 11092 | D:10     | Killed a skeletal warrior
 11093 | D:10     | Reached skill level 14 in Fighting
 11099 | D:10     | Killed a skeletal warrior
 11668 | D:10     | Found Bomesmu's Armour Boutique.
 11668 | D:10     | Found a staircase to the Orcish Mines.
 11672 | D:10     | Found Jiopod's Weapon Boutique.
 11802 | D:10     | You fall into a shaft and drop 1 floor!
 12418 | Lair:1   | Entered Level 1 of the Lair of Beasts
 12450 | Lair:1   | Reached skill level 15 in Fighting
 12617 | Lair:1   | Noticed Amaemon
 12628 | Lair:1   | Killed Amaemon
 12674 | Lair:1   | Reached skill level 16 in Fighting
 12674 | Lair:1   | Reached XP level 12. HP: 101/122 MP: 11/11
 13482 | Lair:1   | Found a blossoming altar of Fedhas.
 14445 | Lair:2   | Noticed a death yak
 14445 | Lair:2   | Noticed a death yak
 14448 | Lair:2   | Noticed a death yak
 14451 | Lair:2   | Noticed a death yak
 14457 | Lair:2   | Noticed a death yak
 14476 | Lair:3   | Killed a death yak
 14477 | Lair:3   | Reached skill level 17 in Fighting
 14859 | Lair:3   | Killed a death yak
 14860 | Lair:3   | Killed a death yak
 14863 | Lair:3   | Killed a death yak
 15408 | Lair:2   | Found a runed translucent gate.
 15408 | Lair:2   | Found a runed translucent gate.
 15408 | Lair:2   | Found a runed translucent gate.
 15408 | Lair:2   | Noticed NinjaNoafa's ghost (journeyman MiFi)
 15573 | Lair:2   | Found a staircase to the Shoals.
 16214 | Lair:3   | Identified the +5 dagger of Forgiveness {spect, rPois}
 16437 | Lair:3   | Found a hole to the Spider Nest.
 16538 | Lair:3   | Reached XP level 13. HP: 134/134 MP: 12/12
 16699 | Lair:3   | Reached skill level 18 in Fighting
 17626 | Lair:4   | Found the +7 great mace "Undeadhunter" {disrupt, rN+}
 18919 | Lair:5   | Entered Level 5 of the Lair of Beasts
 19615 | D:10     | Bought the +11 plutonium sword {Contam Stlth-} for 1200
                  | gold pieces
 19615 | D:10     | Found the +11 plutonium sword {Contam Stlth-}
 21974 | Lair:5   | Reached skill level 15 in Armour
 21974 | Lair:5   | Reached skill level 15 in Shields
 21976 | Lair:5   | Noticed a fire dragon
 21984 | Lair:5   | Reached XP level 14. HP: 102/144 MP: 13/13
 22501 | Lair:5   | Reached skill level 15 in Axes
 22506 | Lair:5   | Reached skill level 19 in Fighting
 22635 | Lair:5   | Found a staircase to the Slime Pits.
 23849 | Lair:5   | HP: 6/146 [catoblepas (12)]
 24245 | Lair:5   | HP: 7/146 [manticore/volley of spikes (23)]
 24245 | Lair:5   | HP: 2/146 [lindwurm (5)]
 25958 | Orc:1    | Entered Level 1 of the Orcish Mines
 26175 | Orc:2    | Entered Level 2 of the Orcish Mines
 26513 | Orc:2    | Paralysed by an orc sorcerer for 3 turns
 26996 | Orc:2    | Found Enlus's Antique Armour Shop.
 27043 | Orc:2    | Found a staircase to the Elven Halls.
 27063 | Orc:2    | Paralysed by an orc sorcerer for 4 turns
 27066 | Orc:2    | Lost intelligence.
 27072 | Orc:2    | Noticed an orc warlord
 27095 | Orc:2    | Killed an orc warlord
 27111 | Orc:2    | HP: 1/139 [orc warrior/+0 trident (7)]
 27112 | Orc:2    | Succumbed to an orange demon's poison

Illustrated notes

Levels and vault maps discovered:
D:1:      dreamdust_arrival_sigmund_warning, layout_loops_ring,
          corexii_leaking_fountain, item_on_display_a
D:2:      kennysheep_six_static_rooms, layout_basic,
          chequers_ecumenical_altar_lobes
D:3:      layout_loops_corners, chequers_big_river
D:4:      layout_loops_ring, chequers_temple_overflow_minitemple,
          minmay_temple_entry_mist, kennysheep_decorative_pillar, uniq_menkaure
D:5:      layout_rooms
D:6:      nicolae_cairo_tiling_large, layout_basic
D:7:      layout_basic, mainiacjoe_overflow_chevrons
D:8:      layout_cave_pools, serial_shops, nicolae_shop_advertising_works
          [nicolae_subvault_shop_adworks], uniq_maggie, uniq_erica
D:9:      layout_gridville, lair_entry_dummy
D:10:     layout_basic, orc_david_3
D:11:     layout_cave_pools, nicolae_stop_n_shop_2, grunt_qazlal_sundering
Temple:   kb_temple_of_zot
Lair:1:   beast_lair_carwin_large_4, layout_gridlike, hangedman_tree_tricks,
          serial_bayou_shore_a, grunt_megastairs_3, uniq_amaemon
Lair:2:   layout_hall_layers, minmay_shoals_entry_hut,
          gammafunk_ghost_necromancy, small_statue_intersection
Lair:3:   layout_cave_pods, hellmonk_spider_entry_life_and_decay,
          chequers_serial_rivers_small_a, infiniplex_staircase_pool_2
Lair:4:   layout_cave_pods, infiniplex_staircase_pool
Lair:5:   hangedman_lair_in_review, layout_layer_cave, guppyfry_lair_end_dragon,
          nicolae_slime_entry_slimehenge
Orc:1:    layout_caves, serial_shops, shop_statue, basic_altar, uniq_jorgrun
Orc:2:    grunt_orc_gardens, layout_caves, grunt_orc_garden, grunt_orc_garden,
          grunt_orc_garden, grunt_orc_garden, special_room, serial_shops,
          bzr_entry_lakeside

Skill      XL: |  1  2  3  4  5  6  7  8  9 10 11 12 13 14 |
---------------+-------------------------------------------+-----
Shields        | 4 5 6 8 9 10 12 13 15 | 15.9
Armour         | 4 5 6 8 9 10 12 13 15 | 15.9
Axes           | 3 4 5 6 7 9 10 12 13 14 15 | 15.8
Fighting       | 4 5 7 9 11 13 16 17 18 19 | 19.5

Action                   |  1- 3 |  4- 6 |  7- 9 | 10-12 | 13-15 || total
-------------------------+-------+-------+-------+-------+-------++-------
Melee: War axe           |    71 |    95 |   249 |   503 |    60 ||   978
       Headbutt          |     4 |    15 |    38 |    99 |   137 ||   293
       Great mace        |       |       |       |       |   443 ||   443
Invok: Potion Petition   |       |       |     1 |     2 |     7 ||    10
       Call Merchant     |       |       |       |     1 |       ||     1
Evoke: Wand              |       |       |       |    47 |     2 ||    49
       Condenser vane    |       |       |       |       |     2 ||     2
  Use: Potion            |     1 |     1 |     2 |    12 |     8 ||    24
       Scroll            |       |       |    16 |     2 |    11 ||    29
 Stab: Distracted        |       |       |     2 |       |       ||     2
       Invisible         |       |       |       |     8 |       ||     8
Armor: Scale mail        |    37 |    34 |   115 |   206 |   247 ||   639
       Skin              |       |       |       |    31 |       ||    31
       Plate armour      |       |       |       |       |   219 ||   219
Dodge: Dodged            |    28 |    34 |   130 |   196 |   375 ||   763
Block: Buckler           |    16 |    25 |    67 |    32 |       ||   140
       Kite shield       |       |       |       |   257 |    21 ||   278

Table legend: (Time is in decaauts)
 A = Elapsed time spent in this place.
 B = Non-inter-level travel time spent in this place.
 C = Inter-level travel time spent in this place.
 D = Time resting spent in this place.
 E = Time spent auto-exploring this place.
 F = Levels seen in this place.
 G = Mean time per level.
                   A        B        C        D        E       F      G
               +--------+--------+--------+--------+--------+-----+--------+
         Total |  27454 |  26579 |    875 |  11553 |  11095 |  19 | 1444.9 |
       Dungeon |  12641 |  12192 |    449 |   4138 |   6284 |  11 | 1149.2 |
        Temple |     91 |     71 |     20 |      0 |     53 |   1 |   91.0 |
          Lair |  13533 |  13145 |    388 |   6708 |   4517 |   5 | 2706.6 |
  Orcish Mines |   1188 |   1170 |     18 |    707 |    241 |   2 |  594.0 |
               +--------+--------+--------+--------+--------+-----+--------+

Top non-repeatable levels by time:
  Lair:5: 5508 daAuts
  Lair:4: 3091 daAuts
  Lair:3: 2099 daAuts
     D:6: 1981 daAuts
     D:7: 1914 daAuts
     D:3: 1660 daAuts
  Lair:1: 1654 daAuts
    D:10: 1471 daAuts
     D:4: 1275 daAuts
  Lair:2: 1178 daAuts
     D:9: 1036 daAuts
     D:2: 959 daAuts
   Orc:1: 946 daAuts
     D:5: 852 daAuts
     D:1: 739 daAuts
